 Dungeon Crawl Stone Soup version 0.24-a0-170-gd8427f5 (console) character file.

Game seed: 1228560678046885687

379 Duffy the Magician (level 6, -3/32 HPs)
             Began as a Deep Elf Fire Elementalist on Mar 8, 2019.
             Slain by an ogre
             ... wielding a cursed -1 giant club
              (19 damage)
             ... on level 3 of the Dungeon.
             The game lasted 00:03:59 (4146 turns).

Duffy the Magician (Deep Elf Fire Elementalist)     Turns: 4146, Time: 00:03:59

Health: -3/32      AC:  2    Str:  5    XL:     6   Next: 45%
Magic:  10/16      EV: 13    Int: 22    God:
Gold:   241        SH:  0    Dex: 15    Spells: 2/15 levels left

rFire    + . .     SeeInvis .   c - 8 rations
rCold    . . .     Gourm    .   (no shield)
rNeg     . . .     Faith    .   s - +0 robe {rC+}
rPois    .         Spirit   .   (no helmet)
rElec    .         Reflect  .   (no cloak)
rCorr    .         Harm     .   (no gloves)
MR       .....                  (no boots)
Stlth    ++........             (no amulet)
HPRegen  0.10/turn              d - ring of fire
MPRegen  0.15/turn              (no ring)

@: no status effects
A: no striking features
a: no special abilities


You were on level 3 of the Dungeon.
You were near starving.

You visited 1 branch of the dungeon, and saw 4 of its levels.

You collected 241 gold pieces.

Inventory:

Armour
 f - +0 gold dragon scales (quivered)
 s - a +0 robe of cold resistance (worn)
Jewellery
 d - a ring of fire (left hand)
 i - the ring of Abstinence {rPois rF- rC++ Str+4 Stlth-, unknown}
   (You found it on level 4 of the Dungeon)

   [ring of attention]

   It affects your strength (+4).
   It makes you vulnerable to fire.
   It greatly protects you from cold.
   It protects you from poison.
   It makes you less stealthy.
Wands
 m - a wand of iceblast (6)
Scrolls
 b - a scroll of blinking {unknown}
 h - a scroll of magic mapping {unknown}
 j - a scroll of remove curse {unknown}
 k - a scroll of amnesia {unknown}
 n - 2 scrolls of enchant weapon {unknown}
 r - 3 scrolls of identify {unknown}
 u - a scroll of immolation {unknown}
Potions
 a - 2 potions of heal wounds {unknown}
 e - 2 potions of flight {unknown}
 g - a potion of mutation {unknown}
 l - a potion of brilliance {unknown}
 o - a potion of might {unknown}
 p - a potion of degeneration {unknown}
 q - a potion of lignification {unknown}
 t - a potion of curing {unknown}
Comestibles
 c - 8 rations (in hand)


   Skills:
 + Level 0.0 Fighting
 + Level 2.4 Dodging
 - Level 2.4 Stealth
 - Level 5.3 Spellcasting
 - Level 5.0 Conjurations
 - Level 4.9 Fire Magic
 + Level 0.0 Evocations


You had 2 spell levels left.
You knew the following spells:

 Your Spells              Type           Power        Failure   Level  Hunger
h - Flame Tongue          Conj/Fire      #####        1%          1    None
j - Sticky Flame          Conj/Fire      #####...     12%         4    ####...
k - Fireball              Conj/Fire      #####.....   34%         5    #####..
l - Conjure Flame         Conj/Fire      #####...     3%          3    ##.....

Your spell library contained the following spells:

 Spells                   Type           Power        Failure   Level  Hunger
 Throw Flame              Conj/Fire      #####.       1%          2    None
 Animate Skeleton         Necr           N/A          10%         1    None
 Apportation              Tloc           #.....       10%         1    None
 Confusing Touch          Hex            #.....       10%         1    None
 Summon Small Mammal      Summ           #...         10%         1    None
 Inner Flame              Hex/Fire       ####....     11%         3    ##.....


Dungeon Overview and Level Annotations

Branches:
Dungeon (4/15)
 Temple: D:4-7

Altars:
Kikubaaqudgha
Nemelex Xobeh
Sif Muna
Wu Jian

Annotations:
D:4 Pikel


Message History

Aiming: Flame Tongue (safe; 1% risk of failure)
Press: ? - help, Shift-Dir - straight line, f/p - ogre
Aim: an ogre, wielding a -1 giant club (lightly wounded)
You feel a surge of power!
The flame tongue hits the ogre.
The ogre is moderately wounded.
There is an ornate altar of the Wu Jian Council here.
There is a stone staircase leading up here.
The ogre barely misses you.
You climb upwards.
There is a stone staircase leading down here.
Cast which spell? (? or * to list)
Aiming: Sticky Flame (safe; 12% risk of failure)
Press: ? - help, Shift-Dir - straight line, f - ogre
Aim: an ogre, wielding a -1 giant club (moderately wounded)
You feel a surge of power!
The sticky flame hits the ogre.
The ogre is moderately wounded.
The ogre is covered in liquid flames!
The ogre burns!
The ogre hits you with a cursed -1 giant club!!
Ouch! That really hurt!
You die...

##.###..........#.+..........
#...)...........#.#..........
####......#.....#.#..........
#......#..................
#......#.#............####
#......#+###..........# #
####.........##...########
#.....O...######......#
#....@.........'.......
##........######.......
###........######.......
#...............#......#
#...............#)......
#.........).....#.......
#...............#.......
#...............####....
###.............# #...#


You could see an ogre (burning).

Vanquished Creatures
  4 slaves
  A scorpion (D:4)
  A crimson imp (D:3)
  Jessica (D:3)
  3 worker ants
  A killer bee zombie (D:2)
  8 adders
  8 worms
  3 dart slugs
  A leopard gecko (D:1)
  6 orcs
  4 giant cockroaches
  4 goblins
  7 hobgoblins
  4 jackals
  6 kobolds
  3 quokkas
  7 bats
  4 frilled lizards
  A quokka skeleton (D:3)
  5 rats
82 creatures vanquished.

Notes
Turn   | Place    | Note
-------+----------+-------------------------------------------
     0 | D:1      | Duffy the Deep Elf Fire Elementalist began the quest for
                  | the Orb.
     0 | D:1      | Reached XP level 1. HP: 10/10 MP: 6/6
   245 | D:1      | Reached XP level 2. HP: 15/15 MP: 4/8
  1036 | D:2      | Reached XP level 3. HP: 17/19 MP: 4/9
  1047 | D:1      | Learned a level 3 spell: Conjure Flame
  1594 | D:2      | Reached XP level 4. HP: 21/24 MP: 3/11
  1602 | D:2      | Learned a level 4 spell: Sticky Flame
  1799 | D:2      | Found a sparkling altar of Nemelex Xobeh.
  1847 | D:2      | Found an ancient bone altar of Kikubaaqudgha.
  2150 | D:2      | Found a deep blue altar of Sif Muna.
  2384 | D:3      | Reached XP level 5. HP: 28/28 MP: 11/13
  2493 | D:3      | Noticed Jessica
  2505 | D:3      | Killed Jessica
  2817 | D:3      | Learned a level 5 spell: Fireball
  3234 | D:4      | Reached XP level 6. HP: 31/32 MP: 8/15
  3244 | D:3      | Reached skill level 5 in Spellcasting
  3512 | D:4      | Noticed a slave
  3513 | D:4      | Noticed a slave
  3514 | D:4      | Noticed Pikel
  3514 | D:4      | Noticed a slave
  3515 | D:4      | Got a glittering jade ring
  3538 | D:3      | Killed a slave
  3644 | D:4      | Reached skill level 5 in Conjurations
  3650 | D:4      | HP: 1/32 [jackal (2)]
  3974 | D:4      | Noticed a slave
  3985 | D:4      | Killed a slave
  4034 | D:4      | Killed a slave
  4050 | D:3      | Killed a slave
  4134 | D:4      | Found an ornate altar of the Wu Jian Council.
  4146 | D:3      | Slain by an ogre

Levels and vault maps discovered:
D:1:      dpeg_arrival_long_road, layout_loops_ring, corner_web_ring
D:2:      layout_basic, lemuel_doored_altar, nicolae_overflow_crystal_walls,
          overflow_temple_1_default
D:3:      layout_basic, chequers_serial_rivers_micro_b, uniq_jessica
D:4:      layout_rooms, kennysheep_little_box, lemuel_crystal_altar,
          lemuel_round_altar, corexii_checkpoint_a, uniq_pikel, uniq_sigmund

Skill      XL: |  1  2  3  4  5  6 |
---------------+-------------------+-----
Conjurations   | 2 3 4 5 |  5.0
Spellcasting   | 4 5 |  5.3
Fire Magic     | 4 |  4.9
Dodging        | |  2.4
Stealth        | |  2.4

Action                   |  1- 3 |  4- 6 || total
-------------------------+-------+-------++-------
 Cast: Flame Tongue      |    59 |   113 ||   172
       Conjure Flame     |     1 |       ||     1
       Sticky Flame      |       |     7 ||     7
Evoke: Wand              |       |     2 ||     2
  Eat: Chunk             |     2 |     7 ||     9
Armor: Robe              |     4 |     3 ||     7
Dodge: Dodged            |    14 |    31 ||    45

Table legend:
 A = Non-vault XP
 B = Vault XP
 C = Vault XP percentage of total XP
 D = Non-vault monster count
 E = Vault monster count
 F = Vault count percentage of total count
                 A         B        C        D         E       F
            +---------+---------+-------+---------+---------+-------
      Total |     505 |      37 |   6.8 |      77 |       1 |   1.3
            +---------+---------+-------+---------+---------+-------
        D:1 |      38 |       0 |   0.0 |      17 |       0 |   0.0
        D:2 |     140 |       0 |   0.0 |      27 |       0 |   0.0
        D:3 |     182 |      37 |  16.9 |      27 |       1 |   3.6
        D:4 |     145 |       0 |   0.0 |       6 |       0 |   0.0
            +---------+---------+-------+---------+---------+-------
